 Dungeon Crawl Stone Soup version 0.23.1 (webtiles) character file.

Game seed: 11443148468216960637

44 1994 the Grave Robber (level 3, -1/27 HPs)
             Began as a Vampire Necromancer on Mar 5, 2019.
             Slain by an adder (3 damage)
             ... on level 2 of the Dungeon.
             The game lasted 00:05:36 (2441 turns).

1994 the Grave Robber (Vampire Necromancer)         Turns: 2441, Time: 00:05:36

Health: -1/27      AC:  2    Str:  7    XL:     3   Next: 41%
Magic:  0/6        EV: 13    Int: 17    God:
Gold:   56         SH:  0    Dex: 15    Spells: 4/6 levels left

rFire    . . .     SeeInvis +   h - +2 dagger (drain)
rCold    + . .     Gourm    .   (no shield)
rNeg     + + .     Faith    .   a - +0 robe
rPois    +         Spirit   .   (no helmet)
rElec    .         Reflect  .   (no cloak)
rCorr    .         Harm     .   (no gloves)
MR       .....                  (no boots)
Stlth    +++.......             (no amulet)
HPRegen  0.04/turn              (no ring)
MPRegen  0.10/turn              (no ring)

@: regenerating slowly
A: fangs 3, see invisible, unbreathing
a: Bat Form


You were on level 2 of the Dungeon.
You were near bloodless.

You visited 1 branch of the dungeon, and saw 2 of its levels.

You collected 56 gold pieces.

Inventory:

Hand Weapons
 h - a +2 dagger of draining (weapon)
 i - a +0 dagger of protection
Armour
 a - a +0 robe (worn)
Jewellery
 b - an uncursed amulet of guardian spirit {unknown}
 g - an uncursed ring of ice {unknown}
Potions
 c - 5 potions of blood
 d - a potion of berserk rage {unknown}
 e - a potion of curing {unknown}
 f - a potion of brilliance {unknown}


   Skills:
 * Level 1.9 Fighting
 * Level 1.4 Short Blades
 + Level 2.8 Dodging
 - Level 3.0 Stealth
 - Level 2.0 Spellcasting
 - Level 4.3 Necromancy


You had 4 spell levels left.
You knew the following spells:

 Your Spells              Type           Power        Failure   Level  Hunger
a - Pain                  Necr           ###.         3%          1    #......
b - Animate Skeleton      Necr           N/A          3%          1    #......

Your spell library contained the following spells:

 Spells                   Type           Power        Failure   Level  Hunger
 Vampiric Draining        Necr           ###.......   10%         3    ###....
 Regeneration             Chrm/Necr      #.........   24%         3    ###....
 Animate Dead             Necr           N/A          32%         4    #####..


Dungeon Overview and Level Annotations

Branches:
Dungeon (2/15)

Altars:


Innate Abilities, Weirdness & Mutations

You heal slowly.
You have razor-sharp teeth.
You have supernaturally acute eyesight. (SInv)
You can survive without breathing.


Message History

Casting: Pain (safe; 3% risk of failure)
Confirm with . or Enter, or press ? or * to list all spells.
Aiming: Pain (safe; 3% risk of failure)
Press: ? - help, Shift-Dir - straight line, f/p - adder
Aim: an adder (heavily wounded, chance to defeat MR: 81%)
The adder barely resists.
The adder bites you.
* * * LOW HITPOINT WARNING * * *
The adder bites you.
* * * LOW HITPOINT WARNING * * *
You closely miss the adder.
The adder is heavily wounded.
The adder bites you but does no damage.
You barely miss the adder.
The adder is heavily wounded.
The adder bites you.
* * * LOW HITPOINT WARNING * * *
You closely miss the adder.
The adder is heavily wounded.
The adder bites you.
You die...

♣♣♣ .. PS ♣.####
..♣.... ..# ♣.♣..P.
..# ♣.... ..# ♣..♣♣
♣..# #†..♣♣PP.#
#S.P..P..#
##@.P.....# #
#.........###
#.##.#...........
..##.......#.#######
...........#.#
.........).#.#
.##.#....<.#.#
..........###
...##......#


You could see an adder.

Vanquished Creatures
  An adder (D:2)
  3 dart slugs (D:1)
  A leopard gecko (D:1)
  2 giant cockroaches (D:1)
  5 goblins
  3 hobgoblins (D:1)
  A jackal (D:1)
  4 kobolds (D:1)
  2 bats (D:1)
  4 rats
26 creatures vanquished.

Vanquished Creatures (collateral kills)
  A jackal (D:1)
1 creature vanquished.

Grand Total: 27 creatures vanquished

Notes
Turn   | Place    | Note
-------+----------+-------------------------------------------
     0 | D:1      | 1994 the Vampire Necromancer began the quest for the Orb.
     0 | D:1      | Reached XP level 1. HP: 13/13 MP: 3/3
   102 | D:1      | Learned a level 1 spell: Animate Skeleton
   329 | D:1      | Reached skill level 1 in Fighting
   532 | D:1      | Reached XP level 2. HP: 19/21 MP: 0/5
  1541 | D:1      | Reached skill level 1 in Short Blades
  1928 | D:1      | Reached XP level 3. HP: 23/26 MP: 2/6
  2441 | D:2      | Slain by an adder

Skill      XL: |  1  2 |
---------------+-------+-----
Fighting       | 1 |  1.9
Short Blades   | 1 |  1.4
Dodging        | |  2.8
Stealth        | |  3.0
Spellcasting   | |  2.0
Necromancy     | |  4.3

Action                   || total
-------------------------++-------
Melee: Unarmed           ||    10
       Dagger            ||    16
       Short sword       ||     4
       Bite              ||     1
 Cast: Pain              ||    50
       Animate Skeleton  ||     2
  Use: Potion            ||     2
 Stab: Sleeping          ||     2
Armor: Robe              ||     6
Dodge: Dodged            ||    15
